 Dungeon Crawl Stone Soup version 0.27-a0-1046-g98bf31544f (webtiles) character file.

Game seed: 10839392055191507558

5931 spiderkeys the Cleaver (level 10, -18/136 HPs)
             Began as a Hill Orc Abyssal Knight on Apr 19, 2021.
             Was a Priest of Lugonu.
             Demolished by a white ugly thing (19 damage)
             ... on level 8 of the Dungeon.
             The game lasted 00:12:49 (10464 turns).

spiderkeys the Cleaver (Hill Orc Abyssal Knight)   Turns: 10464, Time: 00:12:50

Health: -18/136    AC: 16    Str: 19    XL:     10   Next: 83%
Magic:  0/17       EV:  6    Int: 12    God:    Lugonu [***...]
Gold:   524        SH:  0    Dex: 10    Spells: 9/9 levels left

rFire    + . .     SeeInvis .   l - +5 broad axe (flame)
rCold    . . .     Faith    .   (no shield)
rNeg     . . .     Spirit   +   p - +1 plate armour
rPois    +         Reflect  .   r - +0 helmet
rElec    .         Harm     .   n - scarf {repulsion}
rCorr    .         Rampage  .   (no gloves)
Will     .....                  (no boots)
Stlth    ..........             G - amulet of guardian spirit
HPRegen  0.32/turn              P - ring of poison resistance
MPRegen  0.15/turn              F - ring of protection from fire

@: berserking, repel missiles, very quick
A: no striking features
a: Renounce Religion, Depart the Abyss, Bend Space, Banish


You were on level 8 of the Dungeon.
You worshipped Lugonu.
Lugonu was most pleased with you.
You visited 1 branch of the dungeon, and saw 8 of its levels.
You visited the Abyss 1 time.
You also visited: Sewer.

You collected 524 gold pieces.


   Skills:
 + Level 9.3 Fighting
 * Level 12.9 Axes
 + Level 8.1 Armour
 - Level 1.0 Dodging
 + Level 9.6 Invocations


You had 9 spell levels left.
You didn't know any spells.
Your spell library contained the following spells:

 Spells                   Type           Power      Damage    Failure   Level
 Sandblast                Erth           0%         2d4       100%        1
 Passwall                 Tmut/Erth      0%         N/A       100%        2
 Stone Arrow              Conj/Erth      0%         3d7       100%        3
 Petrify                  Tmut/Erth      0%         N/A       100%        4
 Lee's Rapid Deconstruct  Erth           0%         3d5*      100%        5

Inventory:

Hand Weapons
 l - a +5 broad axe of flaming (weapon)
   (You acquired it on level 2 of the Dungeon)
Missiles
 b - 15 boomerangs
 c - 219 stones
 f - 15 bolts
 i - 42 sling bullets
 o - 28 poisoned darts
 t - 51 arrows
 y - 5 throwing nets {=f!f}
Armour
 n - a scarf of repulsion (worn)
   (You found it on level 4 of the Dungeon)
 p - a +1 plate armour (worn)
   (You found it on level 3 of the Dungeon)
 r - a +0 helmet (worn)
   (You found it on level 7 of the Dungeon)
 z - a +3 scale mail of fire resistance
   (You took it off Harold on level 8 of the Dungeon)
Jewellery
 F - a ring of protection from fire (right hand)
   (You found it on level 3 of the Dungeon)
 G - an amulet of guardian spirit (around neck)
   (You found it on level 2 of the Dungeon)
 L - a ring of flight
   (You found it on level 1 of the Abyss)
 P - a ring of poison resistance (left hand)
   (You found it on level 2 of the Dungeon)
 Z - a ring of wizardry
   (You found it on level 2 of the Abyss)
Scrolls
 g - a scroll of blinking {!r}
 m - 3 scrolls of amnesia
 s - 5 scrolls of teleportation {@r4}
 u - a scroll of magic mapping {!r}
 x - a scroll of vulnerability {!r!r}
 B - a scroll of silence {!r}
Potions
 a - a potion of resistance
 d - a potion of ambrosia
 e - 2 potions of brilliance
 h - a potion of berserk rage {!q}
 j - a potion of curing {@q1}
 k - 2 potions of mutation {!q}
 q - a potion of flight
 v - 2 potions of haste {@q3}
 w - 2 potions of degeneration {!q}

Dungeon Overview and Level Annotations

Branches:
Dungeon (8/15)             Temple (0/1) D:7           Sewer (visited)
   Lair: D:8-11

Altars:
Cheibriados
Dithmenos
Elyvilon
Kikubaaqudgha
Okawaru
Trog
Uskayaw
Xom
Yredelemnul

......)...##.....# #........#
##'#.......#.....# #........#
##'##.####.#.##### #........#
8#8...# #...# #........# ####..##
#...###########........#
.#.#'..###...##.......##........#
.#..##......>.'.[.....''...)....#
_#_..#8########ยงยง.....##........#
#######........#@..[[....########
_#_..#8#........u#[.......#
.#..##.#................#.#
.#.#'..#.........#.####.#.#
####..##.........#.# #.#.#
8#8..............#.# #.#.#
....#.##...........# #u#)#
.................### #.#.#
..........######.# #.#.#


You could see a white ugly thing.


Message History

๐Ÿ˜จ MP[+1]
The green ugly thing basks in the mutagenic energy from its kin and changes! ๐Ÿ˜จ HP[+1] ๐Ÿ˜จ HP[+1] MP[+1]
The white ugly thing basks in the mutagenic energy from its kin and changes! ๐Ÿ˜จ HP[+1] ๐Ÿ˜จ HP[+1] MP[+1]
The green ugly thing basks in the mutagenic energy from its kin and changes! ๐Ÿ˜จ HP[+1] ๐Ÿ˜จ MP[+1] ๐Ÿ˜จ HP[+1]
You feel yourself speed up. The purple ugly thing engulfs you.
* * * LOW HITPOINT WARNING * * *
๐Ÿ˜จ HP[-3] MP[+1]
You take 3 damage, and now have 30/91 hp. ๐Ÿ˜จ HP[+1]
The purple ugly thing basks in the mutagenic energy from its kin and changes! ๐Ÿ˜จ MP[+1] ๐Ÿ˜จ HP[+1]
The green ugly thing basks in the mutagenic energy from its kin and changes!
Items here: )) [[.
You recover from your berserk rage. ๐Ÿ˜จ HP[+1]
There is a stone staircase leading up here. ๐Ÿ˜จ MP[+1]
You climb upwards.
There is a stone staircase leading down here. ๐Ÿ˜จ HP[+1]
You start resting. ๐Ÿ˜ฎ HP[+12] MP[+8]
You regained 12 hp, and now have 46/91 hp.
Your mp is fully restored (17).
You start resting. ๐Ÿ˜Ž HP[+45]
Your hp is fully restored (91).
You climb downwards.
The green ugly thing claws you!
The white ugly thing tail-slaps you but does no damage.
The green ugly thing claws you!
You are poisoned.
The green ugly thing poisons you!
There is a stone staircase leading up here. ๐Ÿ˜• HP[-17] MP[-3]
You take 17 damage, and now have 74/91 hp.
You lost 3 mp, and now have 14/17 mp.
Press: ? - help, Shift-Dir - straight line, f - green ugly thing
Aim: a green ugly thing (chance to affect: 73%)
The green ugly thing is devoured by a tear in reality.
Lugonu claims a new guest.
You can no longer corrupt the fabric of space.
You feel extremely sick. The white ugly thing tail-slaps you.
The white ugly thing freezes you!!
* * * LOW HITPOINT WARNING * * *
Your Armour skill increases to level 8! ๐Ÿ˜จ HP[-30] MP[-7]
You take 30 damage, and now have 44/91 hp.
MASSIVE DAMAGE!! (PAUSE)
You lost 7 mp, and now have 7/17 mp.
Press: ? - help, Shift-Dir - straight line, f - white ugly thing
Aim: a white ugly thing (chance to affect: 73%)
The white ugly thing struggles to resist.
You feel very sick. The white ugly thing tail-slaps you.
* * * LOW HITPOINT WARNING * * *
The white ugly thing freezes you!!
* * * LOW HITPOINT WARNING * * *
๐Ÿ˜ฑ HP[-31] MP[-6]
You take 31 damage, and now have 13/91 hp.
MASSIVE DAMAGE!! (PAUSE)
You lost 6 mp, and now have 1/17 mp.
You feel better.
The white ugly thing closely misses you. ๐Ÿ˜จ HP[+11]
You regained 11 hp, and now have 24/91 hp.
Okay, then.
Okay, then.
Really quaff
h - 2 potions of berserk rage {!q}?
A red film seems to cover your vision as you go berserk!
You feel yourself moving faster!
You feel mighty!
The white ugly thing tail-slaps you but does no damage. ๐Ÿ˜จ HP[+12]
You now have 136 max hp (+45).
You regained 12 hp, and now have 36/136 hp.
You slash the white ugly thing! You burn the white ugly thing.
The white ugly thing tail-slaps you but does no damage. ๐Ÿ˜จ HP[+1]
Your plate armour prevents you from hitting the white ugly thing.
The white ugly thing tail-slaps you.
* * * LOW HITPOINT WARNING * * *
The white ugly thing freezes you!!
* * * LOW HITPOINT WARNING * * *
๐Ÿ˜ฑ HP[-31] MP[-1]
You take 31 damage, and now have 6/136 hp.
MASSIVE DAMAGE!! (PAUSE)
You lost 1 mp, and now have 0/17 mp.
You slash the white ugly thing! You burn the white ugly thing.
The white ugly thing tail-slaps you.
* * * LOW HITPOINT WARNING * * *
The white ugly thing freezes you!!
You die...

Skill      XL: |  1  2  3  4  5  6  7  8  9 10 |
---------------+-------------------------------+-----
Axes           | 3 4 5 6 7 9 11 12 | 12.9
Dodging        | 1 |  1.0
Fighting       | 4 5 7 8 9 |  9.3
Invocations    | 3 4 5 6 8 9 |  9.6
Armour         | 3 4 5 7 8 |  8.1

Action                   |  1- 3 |  4- 6 |  7- 9 | 10-12 || total
-------------------------+-------+-------+-------+-------++-------
Melee: Hand axe          |   141 |    12 |       |       ||   153
       Broad axe         |       |    77 |   215 |    70 ||   362
Throw: Dart              |       |     3 |       |       ||     3
Invok: Depart the Abyss  |     1 |       |       |       ||     1
       Banish            |       |       |       |     4 ||     4
  Use: Scroll            |     3 |     9 |    10 |       ||    22
       Potion            |       |       |       |     3 ||     3
Armor: Leather armour    |    31 |     8 |       |       ||    39
       Plate armour      |       |    43 |   187 |    28 ||   258
Dodge: Dodged            |    82 |    45 |    71 |    15 ||   213
       Repelled          |       |       |     3 |       ||     3

Levels and vault maps discovered:
D:1:      roderic_crop_circles_arrival_large, layout_basic
D:2:      layout_basic, hellmonk_ecumenical_altar_leap_of_faith,
          minmay_misc_feat_rows
D:3:      layout_basic
D:4:      layout_basic, nicolae_overflow_hidden_temple, kennysheep_ying_yang,
          hangedman_decor_points, minmay_misc_feat_cross, uniq_grinder,
          uniq_duvessa
D:5:      layout_loops_ring, lightli_sewer_entry_pipes
D:6:      layout_cave_pools, minmay_puff
D:7:      layout_rooms, kennysheep_little_box, temple_hall_moat
D:8:      layout_basic, nicolae_overflow_quartered_altars,
          nicolae_uskayaw_en_pointe,
          ploomutoo_gammafunk_ghost_potion_laboratory, uniq_harold

Notes
Turn   | Place    | Note
-------+----------+-------------------------------------------
     0 | Abyss:1  | spiderkeys the Hill Orc Abyssal Knight began the quest for
                  | the Orb.
     0 | Abyss:1  | Reached XP level 1. HP: 19/19 MP: 2/2
     0 | Abyss:1  | magus.rc [v1.9.10]
   182 | Abyss:2  | Noticed a fire bat
   191 | Abyss:2  | Noticed a flying skull
   191 | Abyss:2  | Noticed a fire bat
   192 | Abyss:2  | Noticed a flying skull
   195 | D:1      | You pass through the gate.
   195 | D:1      | Escaped the Abyss
   206 | D:1      | Reached * piety under Lugonu
   217 | D:1      | Reached skill level 3 in Axes
   218 | D:1      | HP: 5/20 [goblin/+0 dagger (1)]
   221 | D:1      | Reached skill level 1 in Dodging
   221 | D:1      | Reached XP level 2. HP: 8/27 MP: 3/3
  1089 | D:1      | Reached XP level 3. HP: 33/33 MP: 5/5
  1190 | D:1      | Reached skill level 4 in Fighting
  1884 | D:2      | Reached skill level 3 in Invocations
  1940 | D:2      | Reached ** piety under Lugonu
  2206 | D:2      | Reached skill level 4 in Axes
  2391 | D:2      | Reached XP level 4. HP: 38/40 MP: 6/6
  2598 | D:2      | Found a faded altar of an unknown god.
  2869 | D:2      | Identified a scroll of acquirement
  2869 | D:2      | Acquired a +2 broad axe of draining
  3136 | D:3      | Reached skill level 3 in Armour
  3547 | D:3      | Reached XP level 5. HP: 46/47 MP: 7/7
  3905 | D:4      | Noticed an ogre
  3923 | D:3      | Reached skill level 5 in Axes
  4018 | D:4      | Killed an ogre
  4019 | D:4      | Reached skill level 4 in Invocations
  4019 | D:4      | Reached XP level 6. HP: 29/55 MP: 4/9
  4449 | D:4      | Noticed Grinder
  4455 | D:4      | Paralysed by Grinder for 6 turns
  4470 | D:4      | Paralysed by Grinder for 5 turns
  4478 | D:4      | Paralysed by Grinder for 2 turns
  4481 | D:4      | Killed Grinder
  4482 | D:4      | Reached skill level 5 in Fighting
  4482 | D:4      | Reached skill level 6 in Axes
  4482 | D:4      | Reached skill level 4 in Armour
  4482 | D:4      | Reached XP level 7. HP: 45/61 MP: 7/10
  4652 | D:4      | Found a basalt altar of Yredelemnul.
  4722 | D:4      | Found a white marble altar of Elyvilon.
  4729 | D:4      | Reached skill level 5 in Invocations
  5119 | D:4      | Noticed Duvessa
  5119 | D:4      | Noticed Dowan
  5129 | D:4      | Killed Duvessa
  5130 | D:4      | Reached skill level 7 in Axes
  5135 | D:4      | Killed Dowan
  5352 | D:4      | Found a snail-covered altar of Cheibriados.
  5436 | D:4      | Reached XP level 8. HP: 60/70 MP: 12/12
  5436 | D:4      | Reached *** piety under Lugonu
  5674 | D:5      | Entered Level 5 of the Dungeon
  5717 | D:5      | Reached skill level 6 in Fighting
  5964 | D:5      | Reached skill level 8 in Axes
  5970 | D:5      | Found a glowing drain.
  5978 | Sewer    | Entered a sewer
  6162 | Sewer    | Reached skill level 5 in Armour
  6163 | Sewer    | Reached skill level 6 in Invocations
  7073 | D:6      | Reached skill level 9 in Axes
  7268 | D:6      | Reached **** piety under Lugonu
  7269 | D:6      | Reached skill level 7 in Fighting
  7269 | D:6      | Reached XP level 9. HP: 72/79 MP: 12/14
  7349 | D:6      | Reached skill level 7 in Invocations
  7423 | D:6      | Reached skill level 6 in Armour
  7757 | D:6      | Reached skill level 10 in Axes
  8180 | D:7      | Found an iron altar of Okawaru.
  8688 | D:7      | Found a staircase to the Ecumenical Temple.
  8860 | D:8      | Reached skill level 11 in Axes
  8860 | D:8      | Reached skill level 8 in Invocations
  8860 | D:8      | HP: 19/81 [yak (4)]
  8862 | D:8      | Reached skill level 8 in Fighting
  8862 | D:8      | Reached skill level 7 in Armour
  8866 | D:8      | Reached XP level 10. HP: 21/88 MP: 5/16
  9163 | D:8      | You pick up a book of Geomancy and begin reading...
  9163 | D:8      | You add the spells Sandblast, Passwall, Stone Arrow,
                  | Petrify and Lee's Rapid Deconstruction to your library.
  9379 | D:8      | Noticed a +0 falchion
  9380 | D:8      | Noticed a +0 short sword
  9380 | D:8      | Noticed a +0 short sword
  9380 | D:8      | Noticed a +0 dagger
  9381 | D:8      | Noticed a +0 dagger
  9381 | D:8      | Noticed a +0 spear
  9382 | D:8      | Noticed a +0 spear
  9386 | D:8      | Found a bloodstained altar of Trog.
  9394 | D:8      | Noticed a +0 falchion
  9404 | D:8      | Found an ancient bone altar of Kikubaaqudgha.
  9415 | D:8      | Found a hide-covered altar of Uskayaw.
  9559 | D:8      | Noticed a cyan ugly thing
  9560 | D:8      | Found a runed translucent gate.
  9561 | D:8      | Found a runed translucent gate.
  9561 | D:8      | Noticed a red ugly thing
  9561 | D:8      | Noticed a white ugly thing
  9561 | D:8      | Noticed a purple ugly thing
  9562 | D:8      | Found a runed translucent gate.
  9562 | D:8      | Noticed a red ugly thing
  9606 | D:8      | Noticed Harold
  9617 | D:8      | Killed Harold
  9618 | D:8      | Reached skill level 12 in Axes
  9647 | D:8      | Reached skill level 9 in Invocations
  9821 | D:8      | Found a shadowy altar of Dithmenos.
  9839 | D:8      | Found a shimmering altar of Xom.
 10182 | D:8      | Killed a red ugly thing
 10185 | D:8      | Killed a red ugly thing
 10186 | D:8      | Reached skill level 9 in Fighting
 10187 | D:8      | Banished a green ugly thing
 10458 | D:8      | Banished a green ugly thing
 10459 | D:8      | Reached skill level 8 in Armour
 10459 | D:8      | HP: 13/91 [white ugly thing (23)]
 10463 | D:8      | HP: 6/136 [white ugly thing (28)]
 10464 | D:8      | HP: 1/136 [white ugly thing (5)]
 10464 | D:8      | Demolished by a white ugly thing

Vanquished Creatures
  Harold (D:8)
  2 ugly things (D:8)
  Grinder (D:4)
  6 yaks (D:8)
  A steam dragon (D:8)
  2 water moccasins (D:6)
  Duvessa (D:4)
  An orc warrior (D:8)
  3 sky beasts
  A centaur (D:4)
  4 ogres
  A phantom (D:5)
  A kobold brigand (D:8)
  3 bullfrogs
  A scorpion (D:6)
  Dowan (D:4)
  A howler monkey (D:8)
  2 jellies
  2 bullfrog skeletons
  A bullfrog zombie (D:6)
  3 centaur skeletons
  2 hounds
  2 orc priests (D:4)
  An iguana (D:6)
  A scorpion zombie (D:5)
  6 orc wizards
  3 gnolls (D:5)
  12 adders
  A white imp (D:7)
  2 ufetubi
  An adder skeleton (D:4)
  3 dart slugs
  25 orcs
  4 bats (D:1)
  3 endoplasms
  7 giant cockroaches
  7 goblins
  5 hobgoblins
  5 jackals
  6 quokkas
  7 ball pythons
  13 frilled lizards
  17 kobolds
  6 rats
178 creatures vanquished.

Vanquished Creatures (others)
  8 plants (D:1)
8 creatures vanquished.

Grand Total: 186 creatures vanquished

Table legend:
 A = Non-vault XP
 B = Vault XP
 C = Vault XP percentage of total XP
 D = Non-vault monster count
 E = Vault monster count
 F = Vault count percentage of total count
                 A         B        C        D         E       F
            +---------+---------+-------+---------+---------+-------
      Total |    4283 |    4191 |  49.5 |     145 |      35 |  19.4
            +---------+---------+-------+---------+---------+-------
        D:1 |      47 |       0 |   0.0 |      29 |       0 |   0.0
        D:2 |      51 |       0 |   0.0 |      15 |       0 |   0.0
        D:3 |     126 |       0 |   0.0 |      20 |       0 |   0.0
        D:4 |     518 |     504 |  49.3 |      24 |       3 |  11.1
        D:5 |     235 |      30 |  11.3 |       8 |       5 |  38.5
        D:6 |    1061 |     130 |  10.9 |      19 |       2 |   9.5
        D:7 |     390 |       0 |   0.0 |       5 |       0 |   0.0
        D:8 |    1855 |    3299 |  64.0 |      25 |       5 |  16.7
      Sewer |       0 |     228 | 100.0 |       0 |      20 | 100.0
            +---------+---------+-------+---------+---------+-------

Illustrated notes

Table legend:
 A = Kills in this place as a percentage of kills in entire the game.
 B = Kills by you in this place as a percentage of kills by you in the entire game.
 C = Kills by friends in this place as a percentage of kills by friends in the entire game.
 D = Other kills in this place as a percentage of other kills in the entire game.
 E = Experience gained in this place as a percentage of experience gained in the entire game.
 F = Experience gained in this place divided by the number of levels of this place that you have seen.
                   A       B       C       D       E      F
               +-------+-------+-------+-------+-------+----------------------
         Total | 100.0 | 100.0 |   N/A | 100.0 | 100.0 | 770.4
       Dungeon |  88.9 |  88.8 |   N/A | 100.0 |  97.3 | 1030.8
         Sewer |  11.1 |  11.2 |   N/A |   0.0 |   2.7 | 228.0
               +-------+-------+-------+-------+-------+----------------------

Table legend: (Time is in decaauts)
 A = Elapsed time spent in this place.
 B = Non-inter-level travel time spent in this place.
 C = Inter-level travel time spent in this place.
 D = Time resting spent in this place.
 E = Time spent auto-exploring this place.
 F = Levels seen in this place.
 G = Mean time per level.
                   A        B        C        D        E       F      G
               +--------+--------+--------+--------+--------+-----+--------+
         Total |  10728 |  10416 |    312 |    709 |   8050 |  11 |  975.3 |
       Dungeon |   9711 |   9399 |    312 |    709 |   7461 |   8 | 1213.9 |
         Abyss |    194 |    194 |      0 |      0 |     56 |   2 |   97.0 |
         Sewer |    821 |    821 |      0 |      0 |    533 |   1 |  821.0 |
               +--------+--------+--------+--------+--------+-----+--------+

Top non-repeatable levels by time:
     D:4: 1701 daAuts
     D:8: 1479 daAuts
     D:1: 1442 daAuts
     D:2: 1274 daAuts
     D:3: 1111 daAuts
     D:6: 974 daAuts
     D:7: 963 daAuts
   Sewer: 821 daAuts
     D:5: 763 daAuts
 Abyss:2: 101 daAuts
 Abyss:1: 93 daAuts
